 Dungeon Crawl Stone Soup version 0.29.1-1-gd02db6906a (webtiles) character file.

Game seed: 17647049815532274213

77 lonewolfV2 the Trooper (level 4, -4/41 HPs)
             Began as a Minotaur Fighter on Sept 30, 2022.
             Killed from afar by Natasha (8 damage)
             ... with a magic dart
             ... on level 3 of the Dungeon.
             The game lasted 00:02:26 (1909 turns).

lonewolfV2 the Trooper (Minotaur Fighter)           Turns: 1909, Time: 00:02:28

Health: -4/41      AC:  7    Str: 23    XL:     4   Next: 14%
Magic:  3/3        EV:  9    Int:  5    God:
Gold:   173        SH:  4    Dex:  9    Spells: 3/3 levels left

rFire   . . .      SeeInvis .   a - +0 war axe
rCold   . . .      Faith    .   c - +0 buckler
rNeg    . . .      Spirit   .   b - +0 scale mail
rPois   .          Reflect  .   (helmet restricted)
rElec   .          Harm     .   (no cloak)
rCorr   .          Rampage  .   (no gloves)
Will    .....                   (no boots)
Stlth   ..........              (no amulet)
HPRegen 0.13/turn               (no ring)
MPRegen 0.08/turn               (no ring)

@: mighty, slowed, very slow
A: horns 2, retaliatory headbutt
a: no special abilities


You were on level 3 of the Dungeon.
You visited 1 branch of the dungeon, and saw 3 of its levels.

You collected 173 gold pieces.

Inventory:

Hand Weapons
 a - a +0 war axe (weapon)
Armour
 b - a +0 scale mail (worn)
 c - a +0 buckler (worn)
Wands
 o - a wand of charming (6)
Scrolls
 f - a scroll of identify {unknown}
 l - a scroll of butterflies {unknown}
Potions
 d - a potion of might
 e - a potion of haste {unknown}
 g - a potion of curing {unknown}
 h - a potion of lignification {unknown}
 i - a potion of brilliance {unknown}
 k - a potion of heal wounds {unknown}
 m - a potion of ambrosia {unknown}
 n - a potion of flight {unknown}


   Skills:
 + Level 4.3 Fighting
 + Level 3.8 Axes
 + Level 4.2 Armour
 + Level 0.2 Dodging
 + Level 4.0 Shields


You had 3 spell levels left.
You didn't know any spells.
Your spell library contained the following spells:

 Spells                   Type           Power      Damage    Failure   Level
 Ensorcelled Hibernation  Hex/Ice        0%         N/A       95%         2
 Spider Form              Tmut/Pois      0%         N/A       99%         3
 Anguish                  Hex/Necr       0%         N/A       100%        4


Dungeon Overview and Level Annotations

Branches:
Dungeon (3/15)

Altars:

Annotations:
D:3 Natasha


Innate Abilities, Weirdness & Mutations

You have a pair of horns on your head.
You reflexively headbutt those who attack you in melee.


Message History

You block the goblin's attack.
A rat comes into view.
Natasha struggles against the net.
The net rips apart, and Natasha comes free!
The goblin hits you but does no damage.
You miss Natasha. You slash the goblin!
You kill the goblin!
Natasha claws you.
Natasha stares at you and mumbles some strange words.
The magic dart hits you.
The endoplasm hits you but does no damage.
You barely miss the endoplasm. You barely miss Natasha. Natasha claws you!
The endoplasm hits you but does no damage.
Natasha growls.
Natasha casts a spell at you. The magic dart hits you.
The endoplasm freezes you.
You are frozen.
* * * LOW HITPOINT WARNING * * *
You barely miss Natasha. You hit the rat.
You kill the rat!
You hit the endoplasm.
Natasha growls.
Natasha claws you.
* * * LOW HITPOINT WARNING * * *
The endoplasm hits you but does no damage.
Natasha barely misses you. The endoplasm barely misses you.
Natasha barely misses you.
You feel very mighty all of a sudden. The endoplasm freezes you.
You are frozen.
* * * LOW HITPOINT WARNING * * *
Natasha barely misses you.
You slash Natasha! Your headbutt misses Natasha.
Natasha is severely wounded.
You slash the endoplasm!
You kill the endoplasm!
Natasha casts a spell at you. The magic dart hits you!
You die...

#.#####.#.##
#####.......#.# ..
......#######.# ...
......### #.#######...
........# #.##........
........#####...........
.....<.>##....##........
..............#..)......
......####......@h......
####### ##..)#####.....
#...# ... #....# .
#...#.. #.#.#### #.#..
..###. .... ##


You could see Natasha.

Vanquished Creatures
  Robin (D:2)
  2 worms
  3 dart slugs
  An orc (D:3)
  4 endoplasms
  2 giant cockroaches
  6 goblins
  8 hobgoblins
  5 kobolds
  4 quokkas
  4 ball pythons
  2 bats (D:1)
  4 frilled lizards (D:1)
  3 rats
49 creatures vanquished.

Vanquished Creatures (others)
  A demonic plant (D:2)
1 creature vanquished.

Grand Total: 50 creatures vanquished

Notes
Turn   | Place    | Note
-------+----------+-------------------------------------------
     0 | D:1      | lonewolfV2 the Minotaur Fighter began the quest for the
                  | Orb.
     0 | D:1      | Reached XP level 1. HP: 19/19 MP: 0/0
   328 | D:1      | Reached XP level 2. HP: 25/27 MP: 1/1
   837 | D:2      | Noticed Robin
   841 | D:2      | Reached XP level 3. HP: 29/33 MP: 2/2
   853 | D:2      | Killed Robin
  1239 | D:2      | Found a faded altar of an unknown god.
  1239 | D:2      | Noticed an ice devil
  1867 | D:3      | Reached XP level 4. HP: 41/41 MP: 3/3
  1899 | D:3      | Noticed Natasha
  1909 | D:3      | Killed from afar by Natasha

Illustrated notes

Levels and vault maps discovered:
D:1:      nagdon_arrival_double_spiral, layout_rooms,
          chequers_serial_rivers_small_a, minmay_tromino_i4
D:2:      layout_basic, dreamdust_ecumenical_altar_sealed_demon, uniq_robin
D:3:      layout_loops_cross, yredelemnul_altar_generic,
          chequers_serial_rivers_large_a, kennysheep_pointless_box,
          minmay_distorted, uniq_ijyb, uniq_sigmund, uniq_terence, uniq_natasha,
          uniq_jessica

Skill      XL: |  1  2 |
---------------+-------+-----
Fighting       | 4 |  4.3
Shields        | 4 |  4.0
Axes           | 3 |  3.8
Armour         | 4 |  4.2
Dodging        | |  0.2

Action                   |  1- 3 |  4- 6 || total
-------------------------+-------+-------++-------
Melee: War axe           |    77 |    14 ||    91
       Headbutt          |    11 |       ||    11
Throw: Throwing net      |       |     1 ||     1
  Use: Scroll            |     3 |       ||     3
       Potion            |       |     1 ||     1
Armor: Scale mail        |    37 |     9 ||    46
Dodge: Dodged            |    41 |     6 ||    47
Block: Buckler           |    21 |     4 ||    25
